 Dungeon Crawl Stone Soup version 0.27.1 (webtiles) character file.

Game seed: 8812496072910889688

23 ZARRMARR the Insei (level 2, 0/18 HPs)
             Began as an Octopode Transmuter on Sept 1, 2021.
             Succumbed to an adder's poison
             ... on level 2 of the Dungeon.
             The game lasted 00:03:54 (973 turns).

ZARRMARR the Insei (Octopode Transmuter)             Turns: 973, Time: 00:03:54

Health: 0/18       AC:  1    Str:  9    XL:     2   Next: 95%
Magic:  5/5        EV: 13    Int: 15    God:
Gold:   54         SH:  0    Dex: 12    Spells: 4/5 levels left

rFire    . . .     SeeInvis .     - Unarmed
rCold    . . .     Faith    .   (no shield)
rNeg     . . .     Spirit   .   (helmet currently unavailable)
rPois    .         Reflect  .   (no amulet)
rElec    .         Harm     .   (no ring)
rCorr    .         Rampage  .   (no ring)
Will     .....                  (no ring)
Stlth    ++........             (no ring)
HPRegen  0.06/turn              (no ring)
MPRegen  0.09/turn              (no ring)
                                (no ring)
                                (no ring)

@: lethally poisoned (0 -> -3), appendages (expiring), on berserk cooldown,
slowed, very slow
A: tentacle spike 3, almost no armour, amphibious, 8 rings, camouflage 1,
gelatinous body 1, (nimble swimmer 1), tentacles
a: End Transformation


You were on level 2 of the Dungeon.
One of your tentacles had grown a beastly spike.
You visited 1 branch of the dungeon, and saw 2 of its levels.

You collected 54 gold pieces.

Inventory:

Missiles
 a - 13 poisoned darts (quivered)
Scrolls
 c - a scroll of fog
 e - a scroll of teleportation {unknown}


   Skills:
 + Level 1.0 Fighting
 * Level 2.2 Dodging
 + Level 0.6 Stealth
 + Level 3.3 Unarmed Combat
 + Level 2.3 Spellcasting
 + Level 2.2 Transmutations


You had 4 spell levels left.
You knew the following spells:

 Your Spells              Type           Power      Damage    Failure   Level
a - Beastly Appendage     Tmut           16%        N/A       9%          1

Your spell library contained the following spells:

 Spells                   Type           Power      Damage    Failure   Level
 Wereblood                Tmut           8%         N/A       13%         2
 Spider Form              Tmut/Pois      2%         N/A       38%         3
 Ice Form                 Ice/Tmut       5%         N/A       80%         4


Dungeon Overview and Level Annotations

Branches:
Dungeon (2/15)

Altars:

Shops:
D:1 (


Innate Abilities, Weirdness & Mutations

One of your tentacles has grown a beastly spike.
You cannot wear most types of armour.
You are amphibious.
You can wear up to eight rings at the same time.
Your skin changes colour to match your surroundings (Stealth+).
Your rubbery body absorbs attacks. (AC +1, EV +1)
((You are camouflaged near water. (Stealth+)))
You have tentacles for arms and can constrict up to eight enemies at once.


Message History

One of your tentacles grows a vicious spike.
You closely miss the adder. Your grab misses the adder.
The adder closely misses you.
You miss the adder. Your grab misses the adder. The adder bites you.
You are poisoned.
The adder poisons you!
You miss the adder. Your grab misses the adder.
Your tentacle spike misses the adder.
You feel sick. The adder misses you.
You closely miss the adder. Your grab misses the adder.
You squeeze the adder, but do no damage.
You feel sick. The adder bites you. x2
You are lethally poisoned!
The adder poisons you!
Your magical contamination has completely faded away.
It was a potion of magic.
Magic courses through your body.
You feel sick. The adder bites you.
* * * LOW HITPOINT WARNING * * *
It was a potion of berserk rage.
A red film seems to cover your vision as you go berserk!
You feel yourself moving faster!
You feel mighty!
* * * LOW HITPOINT WARNING * * *
You feel sick. The adder closely misses you.
You barely miss the adder. Your grab misses the adder.
Your tentacle spike misses the adder.
Your squeeze misses the adder.
* * * LOW HITPOINT WARNING * * *
You feel sick. The adder closely misses you.
You bludgeon the adder!
You kill the adder!
* * * LOW HITPOINT WARNING * * *
You feel sick.
There is a lethal amount of poison in your body!
There is a lethal amount of poison in your body!
You feel a strong urge to attack something.
Your transformation is almost over.
* * * LOW HITPOINT WARNING * * *
You feel sick.
You feel your anger nearly subside.
You are no longer berserk.
You are exhausted.
You feel yourself slow down.
You die...

...........##########
.....................
.....................
.....................
......................
......................
.......÷.....(†.......#
.............@........#
......................#
...................?..#
......................#
..............÷.......#
.....................#
.....................#
....................?#
..........÷..........#


There were no monsters in sight!

Vanquished Creatures
  An adder (D:2)
  2 endoplasms (D:2)
  A giant cockroach (D:1)
  A goblin (D:1)
  3 kobolds
  2 ball pythons
  2 bats (D:2)
  A frilled lizard (D:2)
13 creatures vanquished.

Notes
Turn   | Place    | Note
-------+----------+-------------------------------------------
     0 | D:1      | ZARRMARR the Octopode Transmuter began the quest for the
                  | Orb.
     0 | D:1      | Reached XP level 1. HP: 13/13 MP: 3/3
    76 | D:1      | Found Peoppos's Weapon Boutique.
   355 | D:1      | Found a faded altar of an unknown god.
   569 | D:2      | Reached XP level 2. HP: 18/18 MP: 0/5
   969 | D:2      | HP: 1/27 [poisoned by an adder]
   973 | D:2      | Succumbed to an adder's poison

Illustrated notes

Levels and vault maps discovered:
D:1:      nicolae_arrival_memento_mori, layout_rooms,
          dreamdust_ecumenical_altar_statues, serial_shops, shop
D:2:      minmay_door_path, layout_basic, wad_floor_pattern_2

Action                   || total
-------------------------++-------
Melee: Unarmed           ||    34
       Constrict         ||     6
       Tentacles         ||     6
       Kick              ||     3
 Cast: Beastly Appendage ||    10
  Use: Scroll            ||     2
       Potion            ||     2
 Stab: Sleeping          ||     2
Armor: Skin              ||     4
Dodge: Dodged            ||    20
